 Dungeon Crawl Stone Soup version 0.24.0-13-gcf9b319 (webtiles) character file.

Game seed: 896555149311319324, levelgen mode: deterministic

1169 DarkinPup the Shield-Bearer (level 8, -5/64 HPs)
             Began as a Formicid Fighter on Dec 19, 2019.
             Slain by Prince Ribbit (13 damage)
             ... on level 5 of the Dungeon.
             The game lasted 00:18:10 (4468 turns).

DarkinPup the Shield-Bearer (Formicid Fighter)      Turns: 4468, Time: 00:18:11

Health: -5/64      AC: 12    Str: 21    XL:     8   Next: 68%
Magic:  8/8        EV:  5    Int:  8    God:
Gold:   264        SH: 12    Dex: 12    Spells: 7/7 levels left

rFire    + . .     SeeInvis +   r - +0 great sword
rCold    + . .     Gourm    .   v - +2 shield {rC+}
rNeg     . . .     Faith    .   w - +0 plate armour
rPois    .         Spirit   .   (helmet unavailable)
rElec    .         Reflect  .   m - scarf {cloud immunity}
rCorr    .         Harm     .   (no gloves)
MR       .....                  (no boots)
Stlth    ..........             s - amulet of magic regeneration
HPRegen  0.20/turn              n - ring of protection from fire
MPRegen  0.36/turn              (no ring)

@: no status effects
A: permanent stasis, dig shafts and tunnels, four strong arms, antennae 3
a: Dig, Shaft Self


You were on level 5 of the Dungeon.
You were not hungry.

You visited 1 branch of the dungeon, and saw 5 of its levels.
You also visited: Sewer.

You collected 264 gold pieces.

Inventory:

Hand Weapons
 a - a +0 long sword
 r - a +0 great sword (weapon)
Armour
 m - a scarf of cloud immunity (worn)
 p - a +0 chain mail
 v - a +2 shield of cold resistance (worn)
 w - a +0 plate armour (worn)
Jewellery
 n - a ring of protection from fire (left hand)
 s - an amulet of magic regeneration (around neck)
 x - an uncursed amulet of the acrobat {unknown}
Scrolls
 b - a scroll of fog {unknown}
 g - a scroll of immolation
 l - a scroll of remove curse {unknown}
 q - a scroll of fear
 t - 4 scrolls of identify
 u - a scroll of amnesia
Potions
 c - 3 potions of lignification {unknown}
 d - 2 potions of might
 e - a potion of berserk rage {unknown}
 h - 3 potions of heal wounds {unknown}
 i - 4 potions of brilliance
 j - 3 potions of curing
 k - a potion of magic {unknown}
 o - 2 potions of flight {unknown}
Comestibles
 f - 7 rations
 z - a chunk of flesh


   Skills:
 + Level 6.3 Fighting
 + Level 5.1 Long Blades
 + Level 6.3 Armour
 + Level 6.8 Shields


You had 7 spell levels left.
You didn't know any spells.
Your spell library was empty.

Dungeon Overview and Level Annotations

Branches:
Dungeon (5/15)              Sewer (visited)
 Temple: D:4-7

Altars:
Elyvilon
Ru
The Shining One

Shops:
D:4 =

Annotations:
D:5 Prince Ribbit


Innate Abilities, Weirdness & Mutations

You cannot be hasted, slowed, berserked, paralysed or teleported.
You can dig through walls and to a lower floor.
Your four strong arms can wield two-handed weapons with a shield.
You have a pair of large antennae on your head. (SInv)


Message History

You kill the ogre!
You block Prince Ribbit's attack.
Your shield and plate armour prevent you from hitting Prince Ribbit.
Prince Ribbit hits you.
Prince Ribbit hits you but does no damage.
You hit Prince Ribbit but do no damage. Prince Ribbit barely misses you.
You riposte.
You closely miss Prince Ribbit. Prince Ribbit hits you.
* * * LOW HITPOINT WARNING * * *
You closely miss Prince Ribbit. Prince Ribbit hits you!
* * * LOW HITPOINT WARNING * * *
Prince Ribbit blinks!
Found a scroll labeled SAXZIW XYTELIXTI.
You see here a +0 giant spiked club.
You miss Prince Ribbit. Prince Ribbit hits you.
* * * LOW HITPOINT WARNING * * *
You block Prince Ribbit's attack.
You slash Prince Ribbit!
Prince Ribbit is heavily wounded.
Prince Ribbit hits you!
You die...

#.# #......... #.#
#.#######.# #.###)###
#.# #.......# #.#
#####)#.# #.#
########.#.# #..
#......<.#.#####.#
#.#####..........# .
#.#####.##.#####@###?...
.....##......).F....#
#.##.##....##########
#.#...#....######
#.................
###...###.####.### #####
#.# #.# #.#


You could see Prince Ribbit.

Vanquished Creatures
  Grinder (D:4)
  Edmund (D:5)
  Duvessa (D:4)
  An ogre (D:5)
  2 big kobolds (Sewer)
  Dowan (D:4)
  2 scorpions (D:4)
  2 hounds
  An iguana (D:4)
  4 worker ants
  Robin (D:4)
  An adder (D:3)
  2 howler monkey skeletons (D:4)
  2 oozes
  An adder skeleton (D:4)
  3 dart slugs
  5 leopard geckos
  2 orcs (D:4)
  11 giant cockroaches
  17 goblins
  15 hobgoblins
  4 jackals (D:2)
  A quokka (D:2)
  4 ball pythons
  12 bats
  7 frilled lizards
  19 kobolds
  8 rats
131 creatures vanquished.

Notes
Turn   | Place    | Note
-------+----------+-------------------------------------------
     0 | D:1      | DarkinPup the Formicid Fighter began the quest for the Orb.
     0 | D:1      | Reached XP level 1. HP: 18/18 MP: 1/1
   161 | D:1      | Reached XP level 2. HP: 22/24 MP: 2/2
   437 | D:1      | Reached XP level 3. HP: 28/29 MP: 3/3
  1153 | D:2      | Reached XP level 4. HP: 32/37 MP: 4/4
  1894 | D:3      | Found a glowing drain.
  1932 | Sewer    | Entered a sewer
  2097 | Sewer    | Reached XP level 5. HP: 35/42 MP: 5/5
  2213 | Sewer    | Noticed a big kobold
  2226 | Sewer    | Killed a big kobold
  2286 | Sewer    | Noticed a big kobold
  2308 | Sewer    | HP: 2/43 [big kobold (1)]
  2315 | Sewer    | Killed a big kobold
  2315 | Sewer    | Reached skill level 5 in Shields
  2315 | Sewer    | Reached XP level 6. HP: 15/49 MP: 6/6
  2766 | D:3      | Found a sacrificial altar of Ru.
  2939 | D:3      | Found a glowing golden altar of the Shining One.
  3286 | D:4      | Noticed Robin
  3623 | D:4      | Killed Robin
  3674 | D:4      | Found Lum Sem's Jewellery Shop.
  3764 | D:4      | Noticed Grinder
  3767 | D:4      | Reached skill level 5 in Fighting
  3767 | D:4      | Reached skill level 5 in Armour
  3767 | D:4      | Reached XP level 7. HP: 55/56 MP: 7/7
  3790 | D:4      | Killed Grinder
  3936 | D:4      | Reached XP level 8. HP: 45/63 MP: 8/8
  4093 | D:4      | Noticed Duvessa
  4098 | D:4      | Noticed Dowan
  4100 | D:4      | Killed Duvessa
  4133 | D:4      | Killed Dowan
  4330 | D:4      | Found a white marble altar of Elyvilon.
  4381 | D:5      | Entered Level 5 of the Dungeon
  4381 | D:5      | Noticed Edmund
  4398 | D:5      | Killed Edmund
  4398 | D:5      | Reached skill level 5 in Long Blades
  4453 | D:5      | Noticed Prince Ribbit
  4468 | D:5      | Slain by Prince Ribbit

Levels and vault maps discovered:
D:1:      lightli_arrival_maybe_door_vault, layout_loops_corners
D:2:      cheibrodos_greedy_goblins, layout_loops_corners
D:3:      layout_basic, lemuel_crystal_altar, tso_oasis_becter,
          portal_sewer_entry_f
D:4:      layout_rooms, lemuel_doored_altar, serial_shops,
          kennysheep_little_box, uniq_robin, uniq_duvessa, uniq_grinder
D:5:      layout_loops_ring, kennysheep_mini, first_ration, serial_shops, shop,
          uniq_prince_ribbit1, uniq_edmund, uniq_blork_the_orc

Skill      XL: |  1  2  3  4  5  6  7  8 |
---------------+-------------------------+-----
Shields        | 4 5 6 |  6.8
Armour         | 4 5 6 |  6.3
Fighting       | 4 5 6 |  6.3
Long Blades    | 3 4 5 |  5.1

Action                   |  1- 3 |  4- 6 |  7- 9 || total
-------------------------+-------+-------+-------++-------
Melee: Long sword        |   138 |   188 |       ||   326
       Great sword       |       |    90 |   110 ||   200
 Abil: Dig               |       |     1 |       ||     1
  Use: Scroll            |       |     5 |       ||     5
       Potion            |       |     3 |       ||     3
  Eat: Chunk             |     1 |     9 |     3 ||    13
Armor: Scale mail        |    53 |     3 |       ||    56
       Chain mail        |       |   223 |     3 ||   226
       Plate armour      |       |       |    58 ||    58
Dodge: Dodged            |    43 |   106 |    30 ||   179
Block: Shield            |    66 |   267 |    88 ||   421
       Rpst.: Long sword |    17 |    17 |       ||    34
       Great sword       |       |     9 |     4 ||    13
